 Dungeon Crawl Stone Soup version 0.27-a0-1139-g28e009f8a6 (webtiles) character file.

Game seed: 15138332317638535221

59 sizableburger the Grasshopper (level 3, -3/29 HPs)
             Began as a Palentonga Warper on May 7, 2021.
             Slain by a scorpion (10 damage)
             ... on level 2 of the Dungeon.
             The game lasted 00:05:19 (1412 turns).

sizableburger the Grasshopper (Palentonga Warper)   Turns: 1412, Time: 00:05:20

Health: -3/29      AC:  9    Str: 15    XL:     3   Next: 78%
Magic:  4/6        EV:  9    Int: 13    God:
Gold:   74         SH:  5    Dex:  9    Spells: 4/6 levels left

rFire    . . .     SeeInvis +   a - +0 mace
rCold    . . .     Faith    .   (no shield)
rNeg     . . .     Spirit   .   b - +0 leather armour
rPois    .         Reflect  +   o - +1 hat
rElec    .         Harm     +   g - scarf {harm}
rCorr    .         Rampage  .   (no gloves)
Will     .....                  (no barding)
Stlth    +.........             f - amulet of reflection
HPRegen  0.09/turn              k - +4 ring of protection
MPRegen  0.10/turn              (no ring)

@: mighty, brilliant
A: large, rugged brown scales 3, see invisible, deformed body, roll 1, armoured
tail
a: Rolling Charge


You were on level 2 of the Dungeon.
You visited 1 branch of the dungeon, and saw 2 of its levels.

You collected 74 gold pieces.

Inventory:

Hand Weapons
 a - a +0 mace (weapon)
Missiles
 e - 3 boomerangs of dispersal (quivered)
Armour
 b - a +0 leather armour (worn)
 g - a scarf of harm (worn)
 o - a +1 hat (worn)
Jewellery
 f - an amulet of reflection (around neck)
 k - a +4 ring of protection (left hand)
Scrolls
 d - a scroll of blinking
 h - a scroll of teleportation {unknown}
 i - a scroll of immolation {unknown}
 l - a scroll of summoning {unknown}
 m - a scroll of amnesia {unknown}
 n - a scroll of holy word {unknown}
 p - a scroll of vulnerability {unknown}
Potions
 q - a potion of might


   Skills:
 + Level 2.8 Fighting
 + Level 3.1 Maces & Flails
 - Level 0.6 Throwing
 - Level 0.7 Armour
 - Level 1.5 Dodging
 - Level 2.0 Spellcasting
 + Level 3.5 Translocations


You had 4 spell levels left.
You knew the following spells:

 Your Spells              Type           Power      Damage    Failure   Level
a - Blink                 Tloc           N/A        N/A       11%         2

Your spell library contained the following spells:

 Spells                   Type           Power      Damage    Failure   Level
 Gell's Gravitas          Tloc           7%         N/A       22%         3
 Lesser Beckoning         Tloc           7%         N/A       22%         3
 Teleport Other           Tloc           15%        N/A       22%         3
 Manifold Assault         Tloc           15%        N/A       90%         5


Dungeon Overview and Level Annotations

Branches:
Dungeon (2/15)

Altars:

Shops:
D:1 [


Innate Abilities, Weirdness & Mutations

You are completely covered in rugged brown scales. (AC +3, +7% HP)
You have supernaturally acute eyesight. (SInv)
Armour fits poorly on your strangely shaped body.
You can roll at nearby foes to attack.
You have a long armoured tail.


Message History

You are poisoned.
The scorpion poisons you! The scorpion barely misses you.
You sock the scorpion!
The scorpion is almost dead.
You feel very sick. You block the scorpion's attack.
You barely miss the scorpion.
You tail-slap the scorpion, but do no damage.
The scorpion is almost dead.
You feel sick. The scorpion stings you. x2
* * * LOW HITPOINT WARNING * * *
Throw: 5 boomerangs (disperse)
Press: ? - help, Q - select action, (/) - cycle Shift-Dir - straight line, f - scorpion
Aim: a scorpion (almost dead, 54% to hit)
You throw a boomerang of dispersal.
The boomerang of dispersal hits the scorpion but does no damage.
The scorpion is almost dead.
You feel sick. The scorpion stings you.
* * * LOW HITPOINT WARNING * * *
Throw: 4 boomerangs (disperse)
Press: ? - help, Q - select action, (/) - cycle Shift-Dir - straight line, f/p - scorpion
Aim: a scorpion (almost dead, 54% to hit)
You throw a boomerang of dispersal.
The boomerang of dispersal hits the scorpion but does no damage.
The scorpion is almost dead.
* * * LOW HITPOINT WARNING * * *
You feel sick. The scorpion barely misses you.
The scorpion stings you but does no damage.
It was a potion of might.
You feel very mighty all of a sudden.
* * * LOW HITPOINT WARNING * * *
You feel sick. The scorpion barely misses you.
Unknown command.
It was a potion of brilliance.
You feel clever all of a sudden.
* * * LOW HITPOINT WARNING * * *
You feel sick. The scorpion closely misses you.
It was a potion of curing.
You feel better. The scorpion barely misses you. The scorpion stings you!
You die...

.# #.# #.......
.##########.#
#......#
............#
#.#.#..#
#######.##### ###
#.#.#<.#
#######.########..
#.#....#
..............##.#
#.#..#.#
#############.##.#
#.#..#.# #.##.#
#.#..# # #.##@# #.#
#.#..#.#
#.##s#####.###.#..#.#
#....................
####.#####.#####..###
#.# #.# #)....
#######.# #.# ##.###
........# #.# #.# #
#########
#.######.###
####...........


You could see a scorpion.

Vanquished Creatures
  An adder (D:2)
  A worm (D:2)
  4 dart slugs
  3 bats (D:1)
  6 endoplasms
  2 giant cockroaches (D:1)
  2 goblins (D:1)
  2 hobgoblins (D:2)
  2 jackals (D:1)
  A quokka (D:2)
  3 ball pythons
  3 frilled lizards
  7 rats
37 creatures vanquished.

Notes
Turn   | Place    | Note
-------+----------+-------------------------------------------
     0 | D:1      | sizableburger the Palentonga Warper began the quest for the
                  | Orb.
     0 | D:1      | Reached XP level 1. HP: 17/17 MP: 3/3
   218 | D:1      | Reached XP level 2. HP: 23/23 MP: 5/5
   245 | D:1      | Learned a level 2 spell: Blink
   337 | D:1      | Found a faded altar of an unknown god.
   542 | D:1      | Found Hoades's Antique Armour Emporium.
   623 | D:2      | Reached XP level 3. HP: 26/29 MP: 6/6
  1390 | D:2      | Noticed a scorpion
  1412 | D:2      | Slain by a scorpion

Illustrated notes

Levels and vault maps discovered:
D:1:      psy_arrival_statuary, layout_rooms,
          shapermc_ecumenical_altar_starsandcircs, serial_shops, shop
D:2:      kennysheep_big_flooded_room, layout_loops_ring, nrook_campfire

Skill      XL: |  1  2  3 |
---------------+----------+-----
Maces & Flails | 3 |  3.1
Fighting       | |  2.8
Throwing       | |  0.6
Armour         | |  0.7
Dodging        | |  1.5
Spellcasting   | |  2.0
Translocations | |  3.5

Action                   || total
-------------------------++-------
Melee: Mace              ||   118
       Tailslap          ||    10
Throw: Boomerang         ||     2
 Cast: Blink             ||     6
 Abil: Rolling Charge    ||    19
  Use: Potion            ||     3
Armor: Leather armour    ||    45
Dodge: Dodged            ||    61
Block: Other             ||    14

Table legend: (Time is in decaauts)
 A = Elapsed time spent in this place.
 B = Non-inter-level travel time spent in this place.
 C = Inter-level travel time spent in this place.
 D = Time resting spent in this place.
 E = Time spent auto-exploring this place.
 F = Levels seen in this place.
 G = Mean time per level.
                   A        B        C        D        E       F      G
               +--------+--------+--------+--------+--------+-----+--------+
         Total |   1442 |   1383 |     59 |    311 |    799 |   2 |  721.0 |
       Dungeon |   1442 |   1383 |     59 |    311 |    799 |   2 |  721.0 |
               +--------+--------+--------+--------+--------+-----+--------+

Top non-repeatable levels by time:
     D:2: 820 daAuts
     D:1: 622 daAuts
